 Dungeon Crawl Stone Soup version 0.21-a0-311-g9ae2175 (webtiles) character file.

50 JackS81 the Slasher (level 3, 0/29 HPs)
             Began as a Demonspawn Fighter on Sept 29, 2017.
             Succumbed to a worker ant's poison
             ... on level 2 of the Dungeon.
             The game lasted 00:03:37 (1224 turns).

JackS81 the Slasher (Demonspawn Fighter)            Turns: 1224, Time: 00:03:38

Health: 0/29       AC:  6    Str: 17    XL:     3   Next: 55%
Magic:  3/3        EV:  6    Int: 14    God:
Gold:   11         SH:  8    Dex: 12    Spells: 2/2 levels left

rFire    . . .     SeeInvis .   a - +0 long sword
rCold    . . .     Gourm    +   c - +0 shield
rNeg     . . .     Faith    .   b - +0 scale mail
rPois    +         Spirit   .   (no helmet)
rElec    .         Reflect  .   (no cloak)
rCorr    .         Harm     .   (no gloves)
MR       .....                  (no boots)
Stlth    ..........             e - amulet of the gourmand
HPRegen  0.09/turn              i - ring of poison resistance
MPRegen  0.08/turn              (no ring)

@: brilliant, lethally poisoned (0 -> -3), very slightly contaminated, invisible
A: talons 2
a: no special abilities


You were on level 2 of the Dungeon.
You were very full.

You visited 1 branch of the dungeon, and saw 2 of its levels.

You collected 11 gold pieces.

Inventory:

Hand Weapons
 a - a +0 long sword (weapon)
Missiles
 j - 23 poisoned needles
 k - 21 bolts
Armour
 b - a +0 scale mail (worn)
 c - a +0 shield (worn)
Jewellery
 e - an amulet of the gourmand (around neck)
 i - a ring of poison resistance (left hand)
Scrolls
 h - 3 scrolls of identify {unknown}
 l - a scroll of fog {unknown}
 n - a scroll of recharging {unknown}
Potions
 d - a potion of might
 g - a potion of invisibility
 m - 2 potions of brilliance
Comestibles
 f - a bread ration


   Skills:
 - Level 3.0 Fighting
 * Level 3.6 Long Blades
 - Level 2.6 Armour
 - Level 2.6 Shields


You had 2 spell levels left.
You didn't know any spells.

Dungeon Overview and Level Annotations

Branches:
Dungeon (2/15)

Altars:
Makhleb
Qazlal
Trog
Vehumet

Annotations:
D:2 1 runed door


Innate Abilities, Weirdness & Mutations

You have razor-sharp toenails.


Message History

You feel sick.
Things that are here:
a club; a hobgoblin corpse; a worker ant corpse Butcher a hobgoblin corpse? [(y)es/(c)hoosy/(n)o/(a)ll/(e)dible/(q)uit/?]
You butcher the hobgoblin corpse.
You butcher the worker ant corpse.
* * * LOW HITPOINT WARNING * * *
You feel sick.
Things that are here:
a club; 3 chunks of flesh; a chunk of flesh Eat one of 3 chunks of flesh? (ye/n/q)
You eat one of the 3 chunks of flesh.
This raw flesh tastes great.
Eat one of 2 chunks of flesh? (ye/n/q)
You eat one of the 2 chunks of flesh.
This raw flesh tastes great.
Eat a chunk of flesh? (ye/n/q)
You eat the chunk of flesh.
This raw flesh tastes great.
* * * LOW HITPOINT WARNING * * *
You feel sick.
There is a lethal amount of poison in your body!
You die...

#......############
###_###.....'..#.......#
##.....###...##.#.#####.#
.........###.##.#.#.....#
....#....._#.##)#.#.#####
..#...#....#.##.#.#.#
#.......#..#....#.#.#
...........'....#.#.#
...........'@...#.#.#
#.......#..#....#.#.#
.%#...#....####.....#
....#....._# ###.#.#
.........### #.### ##
....### #.# ##_## #.# ##
#.# #.#


There were no monsters in sight!

Vanquished Creatures
  A worker ant (D:2)
  An adder (D:2)
  A leopard gecko (D:1)
  A giant cockroach (D:2)
  5 hobgoblins
  3 frilled lizards (D:1)
  2 goblins (D:1)
  A kobold (D:1)
  4 rats
19 creatures vanquished.

Notes
Turn   | Place    | Note
-------+----------+-------------------------------------------
     0 | D:1      | JackS81 the Demonspawn Fighter began the quest for the Orb.
     0 | D:1      | Reached XP level 1. HP: 18/18 MP: 1/1
   298 | D:1      | Gained mutation: You have sharp toenails. [demonic ancestry]
   298 | D:1      | Reached XP level 2. HP: 17/24 MP: 2/2
   982 | D:2      | Found a runed door.
  1190 | D:2      | Found a stormy altar of Qazlal.
  1190 | D:2      | Found a bloodstained altar of Trog.
  1190 | D:2      | Found a burning altar of Makhleb.
  1190 | D:2      | Found a radiant altar of Vehumet.
  1213 | D:2      | Gained mutation: You have razor-sharp toenails. [demonic ancestry]
  1213 | D:2      | Reached XP level 3. HP: 4/29 MP: 3/3
  1220 | D:2      | HP: 1/29 [poisoned by a worker ant]
  1224 | D:2      | Succumbed to a worker ant's poison

Vault maps used:
D:1:      saegor_arrival_under_anarchy
D:2:      old_standard_altar, minmay_overflow_temple_hex,
          uniq_crazy_yiuf_cottage, uniq_sigmund

Skill      XL: |  1  2 |
---------------+-------+-----
Long Blades    | 2 3 |  3.6
Fighting       | |  3.0
Armour         | |  2.6
Shields        | |  2.6

Action                   || total
-------------------------++-------
Melee: Long sword        ||    58
       Kick              ||     5
  Use: Potion            ||     2
  Eat: Chunk             ||    10
Armor: Scale mail        ||    24
Dodge: Dodged            ||    21
Block: Shield            ||    26
       Rpst.: Long sword ||     6

Table legend:
 A = Spawn XP
 B = Non-spawn XP
 C = Spawn XP percentage of total XP
 D = Spawn monster count
 E = Non-spawn monster count
 F = Spawn count percentage of total count
 G = Total turns spent on level
                    A         B        C        D         E        F      G
               +---------+---------+-------+---------+---------+-------+---------
         Total |       0 |      72 |   0.0 |       0 |      19 |   0.0 |  1224
               +---------+---------+-------+---------+---------+-------+---------
           D:1 |       0 |      21 |   0.0 |       0 |      14 |   0.0 |   799
           D:2 |       0 |      51 |   0.0 |       0 |       5 |   0.0 |   425
               +---------+---------+-------+---------+---------+-------+---------
